 Dungeon Crawl Stone Soup version 0.28.0 (webtiles) character file.

Game seed: 1943168456712092710

5 laceratedsky the Skirmisher (level 1, 0/20 HPs)
             Began as a Minotaur Berserker on Feb 6, 2022.
             Was a Follower of Trog.
             Slain by a giant cockroach (1 damage)
             ... on level 1 of the Dungeon.
             The game lasted 00:00:21 (129 turns).

laceratedsky the Skirmisher (Minotaur Berserker)     Turns: 129, Time: 00:00:22

Health: 0/20       AC:  2    Str: 21    XL:     1   Next: 66%
Magic:  0/0        EV: 12    Int:  4    God:    Trog [*.....]
Gold:   2          SH:  0    Dex:  9    Spells: 0/0 levels left

rFire   . . .      SeeInvis .   a - +0 hand axe
rCold   . . .      Faith    .   (no shield)
rNeg    . . .      Spirit   .   b - +0 animal skin
rPois   .          Reflect  .   (helmet restricted)
rElec   .          Harm     .   (no cloak)
rCorr   .          Rampage  .   (no gloves)
Will    .....                   (no boots)
Stlth   +.........              (no amulet)
HPRegen 0.06/turn               (no ring)
MPRegen 0.07/turn               (no ring)

@: no status effects
A: horns 2, retaliatory headbutt
a: Renounce Religion, Berserk


You were on level 1 of the Dungeon.
You worshipped Trog.
Trog was aware of your devotion.
You visited 1 branch of the dungeon, and saw 1 of its levels.

You collected 2 gold pieces.

Inventory:

Hand Weapons
 a - a +0 hand axe (weapon)
Armour
 b - a +0 animal skin (worn)
Scrolls
 c - a scroll of blinking {unknown}


   Skills:
 + Level 3.8 Fighting
 + Level 3.8 Axes
 + Level 2.5 Armour
 + Level 2.2 Dodging


You couldn't memorise any spells.
You didn't know any spells.
Your spell library was empty.

Dungeon Overview and Level Annotations

Branches:
Dungeon (1/15)

Altars:


Innate Abilities, Weirdness & Mutations

You have a pair of horns on your head.
You reflexively headbutt those who attack you in melee.


Message History

You are too injured to fight recklessly!
You are too injured to fight recklessly!
You are too injured to fight recklessly!
Unknown command.
You barely miss the kobold. You completely miss the kobold.
The kobold hits you with a +0 short sword. x3
* * * LOW HITPOINT WARNING * * *
You closely miss the kobold. Your headbutt misses the kobold.
You barely miss the kobold.
You hit the giant cockroach but do no damage.
The giant cockroach barely misses you. The kobold closely misses you.
The kobold hits you but does no damage.
You closely miss the giant cockroach.
Your headbutt misses the giant cockroach.
You hit the kobold. You closely miss the kobold.
The giant cockroach bites you but does no damage.
The kobold hits you with a +0 short sword.
* * * LOW HITPOINT WARNING * * *
The kobold hits you but does no damage.
The giant cockroach bites you but does no damage.
The giant cockroach bites you but does no damage.
You barely miss the kobold. Your punch misses the kobold.
The kobold is severely wounded.
The kobold barely misses you. You furiously retaliate!
You headbutt the kobold!
You kill the kobold!
Trog accepts your kill.
You closely miss the kobold.
The kobold is severely wounded.
The kobold misses you.
You hit the kobold but do no damage. You headbutt the kobold.
You kill the kobold!
Trog accepts your kill.
You closely miss the giant cockroach. The giant cockroach barely misses you.
The giant cockroach bites you but does no damage.
You completely miss the giant cockroach.
The giant cockroach misses you.
You closely miss the giant cockroach.
Your headbutt misses the giant cockroach.
The giant cockroach bites you.
You die...

#### ..#############
#.#............
#######.#...#####....
.............# #.#.#
######.#...## #.#.#
#.##.## #.#..
####.#######.##.#
#.##.
......gJB@...##.#
#....
.###.#wr#######+#
#.... ....## ####.
###.#. #. .#=#.#. ##.
.### #w ####.. ... ..
. +..... .## #.
....####.. ..........


You could see a dart slug, an endoplasm, a giant cockroach, a hobgoblin and a
rat.

Vanquished Creatures
  A ball python (D:1)
  2 kobolds (D:1)
  2 rats (D:1)
5 creatures vanquished.

Notes
Turn   | Place    | Note
-------+----------+-------------------------------------------
     0 | D:1      | laceratedsky the Minotaur Berserker began the quest for the
                  | Orb.
     0 | D:1      | Reached XP level 1. HP: 19/19 MP: 0/0
   121 | D:1      | HP: 1/20 [kobold (5)]
   129 | D:1      | Slain by a giant cockroach

Illustrated notes

Levels and vault maps discovered:
D:1:      minmay_arrival_glassed_features, layout_loops_corners, serial_shops,
          nicolae_shop_bloodbath_and_beyond, minmay_surrounded

Action                   || total
-------------------------++-------
Melee: Hand axe          ||    17
       Headbutt          ||     1
Armor: Animal skin       ||     8
Dodge: Dodged            ||    14
